 Dungeon Crawl Stone Soup version 0.18-a0-1147-g8e8348b (webtiles) character file.

135 Trivium the Skirmisher (level 4, 0/36 HPs)
             Began as a Demonspawn Fighter on Jan 23, 2016.
             Slain by an orc
             ... wielding a +0 mace
              (6 damage)
             ... on level 3 of the Dungeon.
             The game lasted 00:03:19 (1709 turns).

Trivium the Skirmisher (Demonspawn Fighter)         Turns: 1709, Time: 00:03:19

Health: 0/36       AC:  8    Str: 15    XL:     4   Next: 96%
Magic:  4/4        EV: 13    Int:  9    God:
Gold:   215        SH: 12    Dex: 18    Spells: 0 memorised, 3 levels left

rFire  + . .     SeeInvis .     a - +1 long sword
rCold  + . .     Gourm    .     b - +0 scale mail
rNeg   . . .     Faith    .     c - +0 shield
rPois  +         Spirit   .     (no helmet)
rElec  +         Dismiss  .     (no cloak)
rCorr  +         Reflect  +     o - +0 pair of gloves (curse)
SustAt .         Harm     .     (no boots)
MR     .....                    g - +3 amulet of reflection
Stlth  ++........               q - -2 ring of strength (curse)
                                n - ring of stealth

@: agile, resistant, flying, not resistant to hostile enchantments, unstealthy
A: powered by pain 1, sturdy frame 1
a: no special abilities


You were on level 3 of the Dungeon.
You were not hungry.

You visited 1 branch of the dungeon, and saw 3 of its levels.

You collected 215 gold pieces.

Inventory:

Hand Weapons
 a - a +1 long sword (weapon)
Armour
 b - a +0 scale mail (worn)
 c - a +0 shield (worn)
 o - a cursed +0 pair of gloves (worn)
Jewellery
 g - a +3 amulet of reflection (around neck)
 k - an uncursed ring of wizardry
 n - a ring of stealth (left hand)
 q - a cursed -2 ring of strength (right hand)
Wands
 e - a wand of slowing (13/48)
Scrolls
 h - 2 scrolls of blinking
 m - 2 scrolls of identify
 p - a scroll of fog {unknown}
 u - a scroll of magic mapping {unknown}
Potions
 d - a potion of might
 l - a potion of heal wounds
 r - a potion of brilliance {unknown}
Comestibles
 f - 2 bread rations
 t - a meat ration
 v - a beef jerky


   Skills:
 + Level 3.6 Fighting
 + Level 2.4 Long Blades
 + Level 3.2 Armour
 + Level 1.5 Dodging
 + Level 0.2 Stealth
 + Level 3.6 Shields


You had 3 spell levels left.
You didn't know any spells.

Dungeon Overview and Level Annotations

Branches:
Dungeon (3/15)

Altars:
Cheibriados
Elyvilon
Fedhas
Pakellas


Innate Abilities, Weirdness & Mutations

You sometimes gain a little power by taking damage.
Your movements are slightly less encumbered by armour (ER -2).


Message History

It was a potion of heal wounds.
You feel much better. You block the orc priest's attack.
You block the orc's attack. The orc misses you. The orc priest misses you.
You hit the orc priest.
The orc priest is severely wounded.
The orc priest completely misses you. The orc misses you. x2
The orc priest hits you but does no damage.
You hit the orc priest.
The orc priest is severely wounded.
The orc priest hits you with a falchion!
The orc barely misses you. You block the orc priest's attack.
You block the orc's attack. You block the orc priest's attack.
You barely miss the orc priest.
The orc priest is severely wounded.
The orc barely misses you.
The orc priest calls down the wrath of Beogh upon you.
Something smites you!
* * * LOW HITPOINT WARNING * * *
The orc hits you with a mace.
You die...

#. ...##### #.........#
#. >.. +.........#######
#...............#
#...#####.......#
###)..#####.......#
#$................#
#.................#
...###o...........######
......o@..........#
......oo..#########
..........# ..........#
...######## ##


You could see 2 orc priests and 2 orcs.

Vanquished Creatures
  Ijyb (D:2)
  Terence (D:3)
  4 adders
  An ooze (D:2)
  A worm (D:3)
  A giant gecko (D:3)
  4 giant cockroaches
  3 goblins (D:2)
  6 hobgoblins
  3 kobolds
  4 bats
  4 giant newts
  8 rats
41 creatures vanquished.

Notes
Turn   | Place    | Note
--------------------------------------------------------------
     0 | D:1      | Trivium the Demonspawn Fighter began the quest for the Orb.
     0 | D:1      | Reached XP level 1. HP: 18/18 MP: 1/1
   298 | D:1      | Gained mutation: You sometimes gain a little power by taking damage. [demonic ancestry]
   298 | D:1      | Reached XP level 2. HP: 20/24 MP: 2/2
   693 | D:2      | HP: 1/24 [goblin (1)]
   896 | D:2      | Found a blossoming altar of Fedhas.
   916 | D:2      | Reached XP level 3. HP: 25/29 MP: 3/3
   919 | D:2      | Found a white marble altar of Elyvilon.
   945 | D:2      | Noticed Ijyb
   957 | D:2      | Killed Ijyb
   957 | D:2      | Reached skill level 1 in Dodging
   974 | D:2      | Found an oddly glowing altar of Pakellas.
  1146 | D:2      | Gained mutation: Your movements are slightly less encumbered by armour (ER -2). [demonic ancestry]
  1146 | D:2      | Reached XP level 4. HP: 35/35 MP: 4/4
  1323 | D:3      | Noticed Terence
  1333 | D:3      | Killed Terence
  1672 | D:3      | Found a snail-covered altar of Cheibriados.
  1709 | D:3      | Slain by an orc

Vault maps used:
D:1:      sevenhm_arrival_forest_fort_large_2
D:2:      fedhas_altar_3, elyvilon_altar_5, grunt_pakellas_mercury, uniq_iyjb
D:3:      cheibriados_altar_1, uniq_terence

Action                   |  1- 3 |  4- 6 || total
-------------------------+-------+-------++-------
Melee: Long sword        |    95 |    66 ||   161
  Use: Scroll            |     5 |     2 ||     7
       Potion            |     1 |     4 ||     5
  Eat: Chunk             |     1 |     2 ||     3
